 Dungeon Crawl Stone Soup version 0.30.0-5-g1a98f26d00 (webtiles) character file.

Game seed: 8614008434617203290

15530 NinjaNoafa the Basher (level 12, -2/60 HPs)
             Began as a Vine Stalker Fire Elementalist on May 11, 2023.
             Was a Follower of Yredelemnul.
             Hit by a silver javelin thrown by a minotaur (7 damage)
             ... in a Gauntlet.
             The game lasted 00:31:56 (9498 turns).

NinjaNoafa the Basher (VSFE)                        Turns: 9498, Time: 00:31:57

Health: -2/60      AC:  9    Str: 20    XL:     12   Next: 28%
Magic:  0/19       EV: 31    Int: 15    God:    Yredelemnul [*.....]
Gold:   885        SH: 11    Dex: 17    Spells: 14/16 levels left

rFire   . . .        a - +7 whip (pain)
rCold   . . .        N - +0 kite shield
rNeg    . . .        B - +0 steam dragon scales
rPois   .            m - +1 helmet
rElec   .            z - +0 cloak
rCorr   .            E - +0 pair of gloves
SInv    .            (no boots)
Will    +....        U - amulet of the acrobat
Stlth   ++           l - +5 ring of evasion
HPRegen 1.10/turn    w - +6 ring of strength
MPRegen 0.16/turn

%: no teleportation, acrobat, guardian spirit
@: acrobatic, studying Throwing
A: fangs 3, regeneration 1, magic shield, antimagic bite, no potion heal 2
a: Renounce Religion, Recall Undead Harvest


You were in a Gauntlet.
You worshipped Yredelemnul.
Yredelemnul was aware of your devotion.
You visited 2 branches of the dungeon, and saw 13 of its levels.
You also visited: Gauntlet.

You collected 885 gold pieces.

Inventory:

Hand Weapons
 a - a +7 whip of pain (weapon)
 b - a +1 whip of electrocution
 c - a +1 whip of freezing
Missiles
 n - 13 poisoned darts
 t - 2 curare-tipped darts
 x - 8 boomerangs
 H - 3 boomerangs of dispersal
 O - 2 throwing nets
Armour
 m - a +1 helmet (worn)
 z - a +0 cloak (worn)
 B - +0 steam dragon scales (worn)
 E - a +0 pair of gloves (worn)
 N - a +0 kite shield (worn)
 Y - the +1 helmet "Veophog" {-Cast Str+5 Dex+2}
   (You found it in a Gauntlet)

   Str:       It affects your strength (+5).
   Dex:       It affects your dexterity (+2).
   -Cast:     It prevents spellcasting.
Jewellery
 l - a +5 ring of evasion (left hand)
 r - a ring of resist corrosion
 w - a +6 ring of strength (right hand)
 P - a ring of protection from cold
 U - an amulet of the acrobat (around neck)
 X - the ring of the Philosopher {rF++ Int+6}
   (You found it in a Gauntlet)

   [ring of intelligence]

   Int:       It affects your intelligence (+6).
   rF:        It greatly protects you from fire.
Wands
 p - a wand of paralysis (7)
 q - a wand of acid (1)
 F - a wand of polymorph (5)
 M - a wand of flame (13)
Scrolls
 h - 3 scrolls of fog
 u - a scroll of poison
 v - a scroll of noise
 y - 7 scrolls of teleportation
 A - 2 scrolls of immolation
 C - 3 scrolls of butterflies {unknown}
 D - a scroll of fear
 I - a scroll of silence {unknown}
 K - a scroll of amnesia {unknown}
 L - 2 scrolls of enchant armour {unknown}
 R - a scroll of vulnerability
 V - a scroll of blinking
Potions
 d - 2 potions of degeneration
 e - 2 potions of resistance
 f - 3 potions of mutation
 g - 6 potions of curing
 i - 3 potions of brilliance
 j - 6 potions of attraction
 k - a potion of invisibility
 o - a potion of cancellation {unknown}
 s - 2 potions of heal wounds {unknown}
 G - a potion of berserk rage
 J - 2 potions of flight {unknown}
 Q - a potion of magic
 T - a potion of might
 W - a potion of lignification {unknown}
Miscellaneous
 S - a piece from Xom's chessboard (15/15)


   Skills:
 - Level 5.3 Fighting
 + Level 9.7 Maces & Flails
 - Level 1.6 Dodging
 - Level 2.4 Stealth
 * Level 8.2 Shields
 - Level 2.6 Spellcasting
 - Level 1.6 Conjurations
 - Level 8.8 Necromancy
 - Level 3.3 Fire Magic
 + Level 8.8 Invocations


You had 14 spell levels left.
You knew the following spells:

 Your Spells              Type           Power      Damage    Failure   Level
a - Foxfire               Conj/Fire      36%        2x1d5     16%         1
b - Necrotise             Necr           100%       1d9       1%          1

Your spell library contained the following spells:

 Spells                   Type           Power      Damage    Failure   Level
 Scorch                   Fire           22%        2d6       17%         2
 Apportation              Tloc           2%         N/A       41%         1
 Sting                    Tmut/Pois      4%         1d3       41%         1
 Summon Small Mammal      Summ           4%         N/A       41%         1
 Ensorcelled Hibernation  Hex/Ice        2%         N/A       54%         2
 Poisonous Vapours        Pois/Air       2%         N/A       54%         2
 Inner Flame              Hex/Fire       6%         N/A       54%         3
 Volatile Blastmotes      Fire/Tloc      12%        2d11      54%         3
 Anguish                  Hex/Necr       7%         N/A       56%         4
 Portal Projectile        Hex/Tloc       2%         N/A       78%         3
 Spider Form              Tmut/Pois      1%         N/A       78%         3
 Tukima's Dance           Hex            1%         N/A       78%         3
 Flame Wave               Conj/Fire      9%         2d6       83%         4
 Olgreb's Toxic Radiance  Pois           1%         N/A       99%         4
 Fireball                 Conj/Fire      4%         3d4       99%         5
 Iskenderun's Battlesphe  Conj           7%         2d6       99%         5
 Blade Hands              Tmut           0%         N/A       100%        5
 Conjure Ball Lightning   Conj/Air       2%         3x3d6     100%        6
 Orb of Destruction       Conj           3%         9d5       100%        7


Dungeon Overview and Level Annotations

Branches:
Dungeon (12/15) Zot: 26709  Temple (1/1) D:4 Zot: 5991    Lair (0/5) D:11
    Orc (0/2) D:9         Gauntlet (1/1) Zot: 5679

Altars:
Dithmenos
Elyvilon
Fedhas
Gozag
Hepliaklqana
Qazlal
Ru
Uskayaw
Vehumet
Wu Jian
Xom
Yredelemnul
Zin
The Shining One

Annotations:
D:7 3 runed translucent doors, scisormetimb3rs's ghost, novice OpBr Gauntlet 6 transporters, 3 runed translucent doors


Innate Abilities, Weirdness & Mutations

You have razor-sharp teeth.
Your natural rate of healing is unusually fast.
When hurt, damage is shared between your health and your magic reserves.
Your bite disrupts and absorbs the magic of your enemies.
Potions cannot restore your health.


Message History

The minotaur blocks your dire elephant zombie's attack.
Your dire elephant zombie trunk-slaps the minotaur but does no damage.
The minotaur hits you with the +6 war axe "Jellyslayer" {flame, rPois Str-3 Stlth+}!!
The minotaur burns you.
The minotaur hits your dire elephant zombie with the +6 war axe "Jellyslayer" {flame, rPois Str-3 Stlth+}.
The minotaur burns your dire elephant zombie.
You block the minotaur's attack. The minotaur blocks your attack.
Your bite misses the minotaur.
The minotaur is heavily wounded.
The minotaur blocks your skeletal warrior's attack.
Unknown command.
Unknown command.
You swap places.
The minotaur throws a silver javelin.
The silver javelin pierces through your skeletal warrior!
The silver javelin pierces through you!
* * * LOW HITPOINT WARNING * * *
* * * LOW HITPOINT WARNING * * *
Your dire elephant zombie tramples the minotaur.
The minotaur holds its ground!
Your dire elephant zombie trunk-slaps the minotaur but does no damage.
Your skeletal warrior hits the minotaur with a +0 halberd!
Unknown command.
The minotaur drinks a potion.
The minotaur is healed!
The minotaur blocks your dire elephant zombie's attack.
Your dire elephant zombie trunk-slaps the minotaur but does no damage.
Your skeletal warrior closely misses the minotaur.
The minotaur hits your skeletal warrior with the +6 war axe "Jellyslayer" {flame, rPois Str-3 Stlth+}!!
The minotaur burns your skeletal warrior.
The minotaur hits your dire elephant zombie with the +6 war axe "Jellyslayer" {flame, rPois Str-3 Stlth+}!
The minotaur burns your dire elephant zombie.
The minotaur gores your skeletal warrior!
The minotaur blocks your skeletal warrior's attack.
The minotaur blocks your dire elephant zombie's attack.
Your dire elephant zombie trunk-slaps the minotaur but does no damage.
The minotaur throws a silver javelin.
The silver javelin closely misses your skeletal warrior.
The silver javelin pierces through you!!
* * * LOW HITPOINT WARNING * * *
You die...
Your body rises from the dead as a mindless zombie.

#.....Z....##≈.##?##+..
##.##.###.8.###.#©.#©#..
#8..........##..##"+##.u
#.....#.#.8.#...###|..##
#######.#.#...#.∩.###Guu##
[8}8.8#Z..#.©.#...########
......H.###...#.8.....#...
}8[8.8#z..#.©.#...########
#######.#@#...#.∩.#.......
#.....#.#.8.#...#.#.###.
#8..........##..#....#..
##.##.###.8.###.#©.#©#.#
#..........##≈.#..#...#
########.8.#≈≈.#.###.##
#...##≈.#.......
#######.########
#≈.........


You could see a minotaur (ally target), a friendly skeletal warrior (summoned)
and a friendly dire elephant zombie.

Vanquished Creatures
  A dire elephant (Gauntlet)
  2 two-headed ogres
  A wizard (Gauntlet)
  Pikel (D:4)
  4 cyclopes
  A smoke demon (Gauntlet)
  3 elephants (Gauntlet)
  A kobold demonologist (D:11)
  An unseen horror zombie (D:11)
  Maggie (D:8)
  An unseen horror (D:11)
  A komodo dragon (D:11)
  2 trolls
  Grinder (D:4)
  A hornet (D:9)
  Prince Ribbit (D:7)
  A shadow (D:7)
  4 wyverns
  A basilisk (D:12)
  7 yaks
  2 steam dragons
  An acid dragon (D:11)
  3 water moccasins
  2 sky beasts
  2 black bears
  3 orc warriors
  2 ice beasts
  An ogre (D:5)
  3 centaurs
  2 phantoms
  4 kobold brigands
  2 gnoll sergeants (D:9)
  2 bullfrogs
  2 scorpions
  12 wights
  5 killer bees
  3 howler monkeys
  4 electric eels (D:11)
  5 crimson imps
  2 gnoll boudas (D:7)
  3 hounds
  5 orc priests
  3 jellies
  A sleepcap (D:5)
  An iguana (D:7)
  7 orc wizards
  A spectral electric eel (D:11)
  23 gnolls
  4 adders
  2 shadow imps
  A white imp (Gauntlet)
  2 ufetubi
  5 worms
  5 dart slugs
  25 orcs
  5 bats
  4 endoplasms
  4 giant cockroaches
  5 goblins
  2 hobgoblins
  10 jackals
  23 kobolds
  2 quokkas
  6 ball pythons
  3 rats (D:2)
250 creatures vanquished.

Vanquished Creatures (collateral kills)
  3 yaks
  A swamp drake (D:9)
  An ice beast (D:6)
  An orc warrior (D:9)
  A phantom (D:6)
  A bullfrog (D:7)
  A howler monkey (D:9)
  A crimson imp (D:5)
  A gnoll bouda (D:7)
  A jelly (D:7)
  2 iguanas
  4 gnolls (D:7)
  A white imp (D:5)
  8 orcs
  A jackal (D:3)
  5 kobolds
33 creatures vanquished.

Vanquished Creatures (others)
  Psyche (D:12)
  A yak zombie (D:12)
  A bullfrog zombie (D:7)
  An orc wizard (D:12)
  2 hound zombies
  A spectral electric eel (D:11)
  A howler monkey zombie (D:12)
  A worm zombie (D:4)
  An adder zombie (D:4)
  A giant cockroach zombie (D:3)
  11 gnoll zombies
  A jackal zombie (D:3)
  3 kobold zombies (D:8)
  4 orc zombies
  2 quokka zombies
  20 foxfires (D:1)
52 creatures vanquished.

Grand Total: 335 creatures vanquished

Notes
Turn   | Place    | Note
-------+----------+-------------------------------------------
     0 | D:1      | NinjaNoafa the Vine Stalker Fire Elementalist began the
                  | quest for the Orb.
     0 | D:1      | Reached XP level 1. HP: 9/9 MP: 4/4
   101 | D:1      | Reached XP level 2. HP: 9/13 MP: 1/6
   333 | D:1      | Reached XP level 3. HP: 16/16 MP: 7/7
   717 | D:2      | Noticed a scorpion
   730 | D:2      | Killed a scorpion
   731 | D:2      | Reached skill level 1 in Maces & Flails
   731 | D:2      | Reached skill level 1 in Necromancy
   731 | D:2      | Gained mutation: Your natural rate of healing is unusually
                  | fast. [Vine Stalker growth]
   731 | D:2      | Reached XP level 4. HP: 17/21 MP: 4/8
  1372 | D:3      | Reached skill level 2 in Maces & Flails
  1372 | D:3      | Reached XP level 5. HP: 23/25 MP: 6/9
  1555 | D:3      | Found a faded altar of an unknown god.
  1678 | D:3      | Prayed at the altar of an unknown god.
  1678 | D:3      | Became a worshipper of Yredelemnul the Dark
  1678 | D:3      | Reached * piety under Yredelemnul
  1978 | D:3      | Found an ornate altar of the Wu Jian Council.
  2016 | D:4      | Found a radiant altar of Vehumet.
  2048 | D:4      | Noticed a lemure
  2089 | D:4      | Noticed Pikel
  2089 | D:4      | Noticed a lemure
  2160 | D:4      | Noticed a lemure
  2345 | D:4      | Found a staircase to the Ecumenical Temple.
  2353 | Temple   | Entered the Ecumenical Temple
  2416 | D:4      | Noticed a lemure
  2448 | D:4      | HP: 1/25 [Pikel/+1 whip of electrocution (16)]
  2449 | D:4      | Killed Pikel
  2450 | D:4      | Reached skill level 4 in Maces & Flails
  2450 | D:4      | Reached skill level 5 in Necromancy
  2450 | D:4      | Reached XP level 6. HP: 2/29 MP: 0/10
  2450 | D:4      | Reached XP level 7. HP: 3/32 MP: 0/11
  2552 | D:4      | Noticed Grinder
  2580 | D:4      | Killed Grinder
  2581 | D:4      | Reached skill level 5 in Maces & Flails
  2581 | D:4      | Gained mutation: You have razor-sharp teeth. [Vine Stalker
                  | growth]
  2581 | D:4      | Reached XP level 8. HP: 37/37 MP: 12/12
  2804 | D:4      | Learned a level 1 spell: Necrotise
  2807 | D:5      | Entered Level 5 of the Dungeon
  2968 | D:5      | Reached ** piety under Yredelemnul
  2984 | D:5      | You fall into a shaft and drop 3 floors!
  2989 | D:8      | Noticed Maggie
  3023 | D:8      | Found a stormy altar of Qazlal.
  3098 | D:8      | Killed Maggie
  3099 | D:8      | Reached skill level 1 in Fighting
  3099 | D:8      | Reached skill level 6 in Maces & Flails
  3099 | D:8      | Reached skill level 1 in Invocations
  3284 | D:8      | Reached XP level 9. HP: 39/42 MP: 10/13
  3373 | D:7      | Found a runed translucent gate.
  3373 | D:7      | Found a runed translucent gate.
  3373 | D:7      | Found an opulent altar of Gozag.
  3373 | D:7      | Found a runed translucent gate.
  3377 | D:7      | Noticed scisormetimb3rs's ghost (novice OpBr)
  3377 | D:7      | Noticed a centaur warrior
  3820 | D:5      | Found a shimmering altar of Xom.
  3854 | D:5      | Reached skill level 7 in Maces & Flails
  4362 | D:6      | Reached XP level 10. HP: 51/51 MP: 14/14
  4635 | D:6      | Reached skill level 5 in Invocations
  4694 | D:7      | Noticed Prince Ribbit
  4731 | D:7      | Killed Prince Ribbit
  4758 | D:7      | Reached skill level 5 in Fighting
  4763 | D:7      | Noticed a cyclops
  4769 | D:7      | Killed a cyclops
  4832 | D:7      | Reached *** piety under Yredelemnul
  4833 | D:7      | Reached skill level 8 in Maces & Flails
  5128 | D:7      | Reached skill level 1 in Shields
  5300 | D:8      | Found a white marble altar of Elyvilon.
  5339 | D:8      | Found a hazy altar of Hepliaklqana.
  6359 | D:9      | Paralysed by a hornet for 3 turns
  6364 | D:9      | Reached XP level 11. HP: 41/56 MP: 10/17
  6371 | D:9      | Found an opulent altar of Gozag.
  6415 | D:9      | Noticed a +0 dagger
  6417 | D:9      | Noticed a +0 dagger
  6418 | D:9      | Found a hide-covered altar of Uskayaw.
  6504 | D:9      | Reached **** piety under Yredelemnul
  6715 | D:9      | Found a staircase to the Orcish Mines.
  6736 | D:9      | Reached skill level 5 in Shields
  6755 | D:9      | Reached ***** piety under Yredelemnul
  7152 | D:10     | Entered Level 10 of the Dungeon
  7545 | D:10     | Found a sacrificial altar of Ru.
  8139 | D:11     | Noticed a cyclops
  8149 | D:11     | Killed a cyclops
  8184 | D:11     | Found a staircase to the Lair.
  8412 | D:11     | Noticed a two-headed ogre
  8422 | D:11     | Killed a two-headed ogre
  8423 | D:11     | Reached skill level 9 in Maces & Flails
  9043 | D:12     | Noticed a cyclops
  9053 | D:12     | Killed a cyclops
  9071 | D:12     | Noticed a two-headed ogre
  9091 | D:12     | Killed a two-headed ogre
  9092 | D:12     | Noticed a boulder beetle
  9114 | D:12     | Noticed a cyclops
  9123 | D:12     | Killed a cyclops
  9134 | D:12     | Found a gate leading to a gauntlet.
  9134 | D:12     | Noticed Psyche
  9153 | D:12     | Killed Psyche
  9167 | D:12     | Reached XP level 12. HP: 60/60 MP: 19/19
  9180 | Gauntlet | Entered a Gauntlet
  9180 | Gauntlet | Found a transporter.
  9180 | Gauntlet | Found a transporter.
  9185 | Gauntlet | Noticed a death scarab
  9198 | Gauntlet | Found a transporter.
  9202 | Gauntlet | Found a transporter.
  9209 | Gauntlet | Found a runed translucent door.
  9212 | Gauntlet | Found a transporter.
  9214 | Gauntlet | Found a transporter.
  9218 | Gauntlet | Found a runed translucent door.
  9220 | Gauntlet | Found a runed translucent door.
  9222 | Gauntlet | Found a transporter.
  9236 | Gauntlet | Noticed a dire elephant
  9238 | Gauntlet | Found a transporter.
  9252 | Gauntlet | Found a transporter.
  9256 | Gauntlet | Found a transporter.
  9264 | Gauntlet | Found a transporter.
  9268 | Gauntlet | Found a transporter.
  9430 | Gauntlet | Killed a dire elephant
  9439 | Gauntlet | Identified the ring of the Philosopher {rF++ Int+6}
  9444 | Gauntlet | Identified the +1 helmet "Veophog" {-Cast Str+5 Dex+2}
  9488 | Gauntlet | Identified the +6 war axe "Jellyslayer" {flame, rPois Str-3
                  | Stlth+}
  9488 | Gauntlet | Identified the +4 scale mail of Kemiatit {rElec rF+ Int+7
                  | Slay-2}
  9488 | Gauntlet | Noticed a minotaur
  9498 | Gauntlet | Hit by a silver javelin thrown by a minotaur

Illustrated notes

Levels and vault maps discovered:
D:1:      dpeg_arrival_more_subterranean_lakeside_camping, layout_rooms
D:2:      layout_basic, serial_bayou_crossing
D:3:      layout_rooms, mainiacjoe_overflow_tiny_flanked,
          chequers_ecumenical_altar_island
D:4:      layout_rooms, lemuel_mausoleum_altar_yredelemnul, fiery_altar_vehumet,
          minmay_temple_entry_nine_rooms, uniq_pikel, uniq_grinder
D:5:      layout_rooms, led_xom_imps, minmay_manual_maat
D:6:      layout_loops_ring, serial_bayou_lagoon_a
D:7:      hangedman_cross_stitches, layout_rooms, ebering_ghost_gozag,
          nicolae_grassy_gnolls, uniq_prince_ribbit1
D:8:      layout_loops_ring, grunt_qazlal_clouds, minitemple,
          grunt_decor_resistance, uniq_maggie
D:9:      layout_loops_corners, dancing_weapons_uskayaw,
          grunt_gozag_breadcrumbs, erik_orc_1, nicolae_underground_beach
D:10:     layout_long_grid, mainiacjoe_overflow_small_starburst, minivault_21
D:11:     layout_stronghold, lair_entry_dummy, serial_bayou_lake_a
D:12:     layout_rooms, gauntlet_entry_generic, uniq_psyche
Temple:   nicolae_temple_bog_church
Gauntlet: minmay_gauntlet_77_indecision [minmay_gauntlet_arena_77_hold_the_fort,
          minmay_gauntlet_arena_77_mirror,
          minmay_gauntlet_arena_77_radiant_squares,
          minmay_gauntlet_arena_77_path, minmay_gauntlet_arena_77_broken_ladder,
          minmay_gauntlet_arena_77_cramped,
          nicolae_gauntlet_exit_dead_adventurers]

Skill      XL: |  1  2  3  4  5  6  7  8  9 10 11 12 |
---------------+-------------------------------------+-----
Maces & Flails | 1 2 4 5 6 7 8 9 |  9.7
Necromancy     | 1 2 5 6 8 |  8.8
Fighting       | 2 4 5 |  5.3
Invocations    | 2 4 6 8 |  8.8
Shields        | 3 7 8 |  8.2
Dodging        | |  1.6
Stealth        | |  2.4
Spellcasting   | |  2.6
Conjurations   | |  1.6
Fire Magic     | |  3.3

Action                     |  1- 3 |  4- 6 |  7- 9 | 10-12 || total
---------------------------+-------+-------+-------+-------++-------
  Melee: Whip              |    66 |   136 |   225 |   410 ||   837
         Bite              |    26 |    45 |    60 |   151 ||   282
         Punch             |       |       |       |     1 ||     1
   Cast: Foxfire           |    14 |       |       |       ||    14
         Necrotise         |       |       |    12 |    29 ||    41
 Invoke: Recall Undead Har |       |     1 |       |     1 ||     2
         Dark Bargain      |       |       |       |     2 ||     2
  Evoke: Wand              |       |       |     3 |    17 ||    20
    Use: Potion            |     1 |       |       |     1 ||     2
         Scroll            |       |     3 |    14 |     7 ||    24
   Stab: Sleeping          |     1 |     1 |     2 |     7 ||    11
         Paralysed         |       |       |     5 |       ||     5
         Distracted        |       |       |     1 |     2 ||     3
         Confused          |       |       |       |     1 ||     1
 Armour: Robe              |    19 |    11 |    14 |       ||    44
         Ring mail         |     5 |     2 |       |       ||     7
         Scale mail        |       |     4 |       |       ||     4
         Steam dragon scal |       |       |    33 |    95 ||   128
  Dodge: Dodged            |    74 |   151 |   156 |   288 ||   669
  Block: Tower shield      |       |       |       |    48 ||    48
         Kite shield       |       |       |       |    99 ||    99
